 Dungeon Crawl Stone Soup version 0.23.2-30-g0e89c35 (webtiles) character file.

Game seed: 17453541633135018094

9664 Nightmarelore the Fighter (level 11, -4/106 HPs)
             Began as a Minotaur Berserker on June 13, 2019.
             Was a High Priest of Trog.
             Shot with an arrow by a centaur (10 damage)
             ... on level 2 of the Lair of Beasts.
             The game lasted 01:14:47 (9604 turns).

Nightmarelore the Fighter (Minotaur Berserker)      Turns: 9604, Time: 01:14:47

Health: -4/106     AC: 13    Str: 23    XL:     11   Next: 26%
Magic:  10/10      EV: 13    Int:  4    God:    Trog [*****.]
Gold:   375        SH:  0    Dex: 12    Spells: 10/10 levels left

rFire    + . .     SeeInvis .   e - +3 flail (protect)
rCold    . . .     Gourm    .   (no shield)
rNeg     . . .     Faith    .   C - +2 scale mail {rPois}
rPois    +         Spirit   .   (helmet restricted)
rElec    .         Reflect  .   B - +1 cloak
rCorr    .         Harm     .   x - +0 pair of gloves
MR       .....                  (no boots)
Stlth    ..........             (no amulet)
HPRegen  0.27/turn              J - ring of protection from fire
MPRegen  0.12/turn              (no ring)

@: berserk cooldown, slowed, very slow
A: retaliatory headbutt, horns 2
a: Berserk, Trog's Hand, Brothers in Arms, Renounce Religion


You were on level 2 of the Lair of Beasts.
You worshipped Trog.
Trog was extremely pleased with you.
You were not hungry.

You visited 2 branches of the dungeon, and saw 11 of its levels.

You collected 508 gold pieces.
You spent 133 gold pieces at shops.

Inventory:

Hand Weapons
 d - a +1 short sword of holy wrath
 e - a +3 flail of protection (weapon)
 r - a +0 dire flail
 F - a +0 shortbow
Missiles
 j - 102 arrows
 y - 84 bolts
 D - 6 poisoned needles
Armour
 x - a +0 pair of gloves (worn)
 B - a +1 cloak (worn)
 C - a +2 scale mail of poison resistance (worn)
 L - a scarf of repulsion
Jewellery
 g - an uncursed ring of protection from magic {unknown}
 I - an uncursed amulet of harm
 J - a ring of protection from fire (left hand)
 O - an uncursed ring of resist corrosion {unknown}
Wands
 q - a wand of flame (12)
 s - a wand of random effects (25)
 w - a wand of digging (8)
Scrolls
 b - 3 scrolls of fog
 f - 3 scrolls of teleportation
 l - 2 scrolls of identify
 m - 2 scrolls of blinking
 t - 2 scrolls of remove curse
 E - a scroll of vulnerability {unknown}
 H - a scroll of silence {unknown}
 K - 4 scrolls of enchant weapon
 M - a scroll of summoning {unknown}
Potions
 a - 2 potions of agility {unknown}
 h - a potion of magic
 i - 2 potions of lignification {unknown}
 k - 3 potions of flight
 n - 2 potions of ambrosia {unknown}
 o - a potion of brilliance {unknown}
 p - 2 potions of invisibility
 u - 2 potions of heal wounds {unknown}
 v - 2 potions of berserk rage {unknown}
 z - 2 potions of might {unknown}
 A - 2 potions of curing {unknown}
 G - 2 potions of haste {unknown}
 N - 2 potions of degeneration {unknown}
Comestibles
 c - 20 rations


   Skills:
 * Level 12.9 Fighting
   Level 8.0(11.1) Axes
 + Level 12.2(13.0) Maces & Flails
 - Level 6.0 Armour
 + Level 6.6 Dodging


You had 10 spell levels left.
You didn't know any spells.
Your spell library contained the following spells:

 Spells                   Type           Power        Failure   Level  Hunger
 Beastly Appendage        Tmut           #.....       80%         1    ##.....
 Confusing Touch          Hex            #.....       80%         1    ##.....
 Infusion                 Chrm           #...         80%         1    ##.....
 Shroud of Golubria       Chrm/Tloc      #.........   90%         2    ###....
 Song of Slaying          Chrm           #.......     90%         2    ###....
 Sticks to Snakes         Tmut           #.......     90%         2    ###....
 Confuse                  Hex            #.......     99%         3    ####...
 Gell's Gravitas          Tloc           #.........   99%         3    ####...
 Regeneration             Chrm/Necr      #.........   99%         3    ####...
 Spectral Weapon          Hex/Chrm       #.......     99%         3    ####...
 Spider Form              Tmut/Pois      #.........   99%         3    ####...
 Ice Form                 Ice/Tmut       #.......     100%        4    #####..
 Petrify                  Tmut/Erth      #.......     100%        4    #####..
 Blade Hands              Tmut           #.........   100%        5    ######.
 Metabolic Englaciation   Hex/Ice        #.........   100%        5    ######.
 Yara's Violent Unravell  Hex/Tmut       #.........   100%        5    ######.


Dungeon Overview and Level Annotations

Branches:
Dungeon (9/15)             Temple (0/1) D:7            Lair (2/6) D:9
  Swamp: Lair:2-4    Shoals: Lair:2-4     Snake: Lair:2-4    Spider: Lair:2-4
    Orc: D:9-12

Altars:
Ashenzari
Gozag
Ru
Sif Muna
Uskayaw
Vehumet

Shops:
D:4 [

Annotations:
Lair:2 1 transporter, Zoluppo's ghost, journeyman DDFi


Innate Abilities, Weirdness & Mutations

You reflexively headbutt those who attack you in melee.
You have a pair of horns on your head.


Message History

The arrow hits you but does no damage.
You hear a splash.
The centaur shoots an arrow.
The arrow hits you but does no damage.
You hear a splash.
The centaur shoots an arrow.
The arrow hits you.
* * * LOW HITPOINT WARNING * * *
You hear a splash.
The centaur shoots an arrow.
The arrow hits you.
* * * LOW HITPOINT WARNING * * *
You hear a splash.
The centaur shoots an arrow.
The arrow hits you.
* * * LOW HITPOINT WARNING * * *
You hear a splash.
The centaur shoots an arrow.
The arrow hits you but does no damage.
You hear a splash.
The centaur shoots an arrow.
The arrow hits you.
* * * LOW HITPOINT WARNING * * *
The centaur shoots an arrow.
The arrow closely misses you.
The centaur shoots an arrow.
The arrow hits you!
You die...

.##.## #.......
.y#..####....# ###
##..F##P..†.# #≈≈#
#©..PP†.....# ###≈≈#
##....†.....###≈≈≈###
#.##........≈≈≈≈≈..#
#..####...(.≈(≈≈cc.#
##.## #.....((≈(≈≈_.#
.#..# ###.#P.≈≈@≈≈c.#
.#.## #..#.(≈≈≈≈≈..#
.#.## #...#.≈≈c≈####
##..# ###.####≈≈≈#
...## #+# ##≈≈≈#
...## #### ...P#
...## ....#


You could see 4 centaurs.

Vanquished Creatures
  2 two-headed ogres (D:9)
  Pikel (D:6)
  2 spiny frogs
  A komodo dragon (Lair:1)
  A polar bear (Lair:2)
  A troll (D:9)
  Prince Ribbit (D:9)
  4 blink frogs (Lair:2)
  3 hippogriffs
  9 yaks
  Eustachio (D:4)
  A basilisk (Lair:1)
  A water moccasin (D:9)
  3 sky beasts
  2 porcupines (Lair:1)
  A slave (D:6)
  An ice beast (D:9)
  2 ogres (D:7)
  5 wolves (Lair:1)
  4 crocodiles
  3 centaurs
  2 big kobolds
  4 bullfrogs
  A water moccasin zombie (D:5)
  A wyvern skeleton (D:8)
  2 scorpions
  A howler monkey (D:5)
  3 crimson imps
  A centaur zombie (D:8)
  A centaur skeleton (D:5)
  2 jellies
  3 hounds
  An orc priest (D:6)
  A gnoll shaman (D:7)
  3 orc wizards
  2 bullfrog skeletons
  3 iguanas
  Natasha (twice) (D:4)
  3 worker ants
  A hound zombie (D:8)
  A hound skeleton (D:6)
  14 gnolls
  7 adders
  2 shadow imps
  An ooze (D:4)
  2 adder skeletons
  2 adder zombies (D:8)
  A worm (D:3)
  4 dart slugs
  3 leopard geckos
  16 orcs
  3 ball pythons
  7 bats
  5 giant cockroaches
  A gnoll zombie (D:5)
  11 goblins
  8 hobgoblins
  10 jackals
  8 quokkas
  7 frilled lizards
  A jackal skeleton (D:4)
  15 kobolds
  2 quokka skeletons
  9 rats
  4 plants (D:4)
230 creatures vanquished.

Vanquished Creatures (others)
  A plant (Lair:2)
1 creature vanquished.

Grand Total: 231 creatures vanquished

Notes
Turn   | Place    | Note
-------+----------+-------------------------------------------
     0 | D:1      | Nightmarelore the Minotaur Berserker began the quest for
                  | the Orb.
     0 | D:1      | Reached XP level 1. HP: 19/19 MP: 0/0
   153 | D:1      | Reached XP level 2. HP: 27/27 MP: 1/1
   641 | D:1      | Reached XP level 3. HP: 33/33 MP: 2/2
  1240 | D:2      | Reached ** piety under Trog
  1984 | D:3      | Reached XP level 4. HP: 38/41 MP: 3/3
  2010 | D:3      | Reached skill level 5 in Axes
  2503 | D:3      | Reached skill level 5 in Fighting
  2759 | D:3      | Found a deep blue altar of Sif Muna.
  2834 | D:4      | Reached XP level 5. HP: 45/48 MP: 4/4
  2945 | D:4      | Reached *** piety under Trog
  3189 | D:4      | Noticed Eustachio
  3239 | D:4      | Killed Eustachio
  3239 | D:4      | Reached XP level 6. HP: 16/57 MP: 5/5
  3561 | D:4      | Found Kommaju's Antique Armour Boutique.
  3576 | D:4      | Noticed Natasha
  3590 | D:4      | Killed Natasha
  3601 | D:4      | Noticed Natasha
  3606 | D:4      | Killed Natasha
  3631 | D:4      | Bought a shiny scale mail for 133 gold pieces
  3737 | D:4      | Reached XP level 7. HP: 49/63 MP: 6/6
  3868 | D:5      | Entered Level 5 of the Dungeon
  4278 | D:5      | Found a sand-covered staircase.
  4492 | D:5      | Noticed a hippogriff
  4509 | D:5      | Killed a hippogriff
  4509 | D:5      | Reached skill level 5 in Armour
  4542 | D:5      | Reached XP level 8. HP: 63/73 MP: 7/7
  4918 | D:6      | Reached **** piety under Trog
  5171 | D:6      | Reached skill level 1 in Maces & Flails
  5273 | D:6      | Found an opulent altar of Gozag.
  5511 | D:6      | Noticed Pikel
  5526 | D:6      | Killed Pikel
  5638 | D:7      | Reached skill level 5 in Maces & Flails
  5775 | D:7      | Reached XP level 9. HP: 74/82 MP: 8/8
  6122 | D:7      | Found a staircase to the Ecumenical Temple.
  6241 | D:7      | Found a sacrificial altar of Ru.
  6817 | D:8      | Found a radiant altar of Vehumet.
  6817 | D:8      | Found a hide-covered altar of Uskayaw.
  7101 | D:9      | Reached ***** piety under Trog
  7101 | D:9      | Reached skill level 5 in Dodging
  7219 | D:9      | Noticed a two-headed ogre
  7224 | D:9      | Killed a two-headed ogre
  7224 | D:9      | Reached skill level 10 in Fighting
  7258 | D:9      | Reached XP level 10. HP: 67/94 MP: 9/9
  7374 | D:9      | Noticed Prince Ribbit
  7387 | D:9      | Killed Prince Ribbit
  7459 | D:9      | Reached skill level 10 in Maces & Flails
  7670 | D:9      | Found a staircase to the Lair.
  7724 | D:9      | Noticed a two-headed ogre
  7732 | D:9      | Killed a two-headed ogre
  8026 | Lair:1   | Entered Level 1 of the Lair of Beasts
  8290 | Lair:1   | Noticed a spiny frog
  8305 | D:9      | Killed a spiny frog
  8816 | Lair:1   | You fall through a shaft!
  9228 | Lair:2   | Noticed a spiny frog
  9236 | Lair:2   | Killed a spiny frog
  9236 | Lair:2   | Reached XP level 11. HP: 105/105 MP: 10/10
  9552 | Lair:2   | Noticed Zoluppo's ghost (journeyman DDFi)
  9560 | Lair:2   | Found a transporter.
  9597 | Lair:2   | Found a shattered altar of Ashenzari.
  9604 | Lair:2   | Shot with an arrow by a centaur

Skill      XL: |  1  2  3  4  5  6  7  8  9 10 11 |
---------------+----------------------------------+-----
Axes           | 4 5 6 8 |  8.0
Fighting       | 4 5 6 7 8 10 12 | 12.9
Dodging        | 3 4 5 6 |  6.6
Armour         | 3 5 6 |  6.0
Maces & Flails | 5 9 11 12 | 12.2

Action                   |  1- 3 |  4- 6 |  7- 9 | 10-12 || total
-------------------------+-------+-------+-------+-------++-------
Melee: Hand axe          |    92 |   245 |    92 |       ||   429
       Headbutt          |     9 |    71 |    58 |    54 ||   192
       Flail             |       |       |   206 |   166 ||   372
Invok: Berserk           |       |     1 |     4 |     3 ||     8
  Use: Scroll            |     5 |     2 |    12 |     1 ||    20
 Stab: Sleeping          |       |     1 |       |       ||     1
  Eat: Ration            |     2 |       |     5 |     3 ||    10
       Chunk             |       |     3 |     2 |       ||     5
Armor: Animal skin       |    11 |       |       |       ||    11
       Chain mail        |       |    58 |    50 |       ||   108
       Scale mail        |       |       |   117 |    88 ||   205
Dodge: Dodged            |    61 |    64 |   148 |    92 ||   365
       Deflected         |       |     1 |       |       ||     1
